[Event "Centenary THK University 2019"]
[Site "Ankara"]
[Date "2019.05.18"]
[Round "3"]
[White "Aliyev, Elnur"]
[Black "Subasi, Fidel"]
[Result "1-0"]
[ECO "A04"]
[WhiteElo "2146"]
[BlackElo "1702"]
[Annotator "NA"]
[PlyCount "77"]
[EventDate "2019.05.17"]
[EventType "swiss"]
[EventCountry "TUR"]
[SourceTitle "playchess.com"]
[Source "ChessBase"]
[SourceQuality "1"]
[TimeControl "5400+30"]

1. Nf3 f5 2. d3 d6 3. e4 e5 4. Nc3 Nf6 5. exf5 Bxf5 6. d4 e4 7. Qe2 (7. Nh4 $5 Bc8 8. f3 $14) 7... d5 8. Nd2 (8. Qb5+ $11 {keeps the balance.} Nc6 9. Qxb7) 8... Nc6 $15 9. Nb3 Be7 10. h3 O-O 11. g4 Bg6 12. Be3 b6 13. O-O-O Bb4 14. h4 Bxc3 15. bxc3 Qd6 16. h5 Qa3+ 17. Kb1 Be8 18. g5 Nd7 19. Bh3 Qe7 20. c4 a5 21. cxd5 Nb4 22. Be6+ Bf7 23. Bxf7+ Qxf7 24. g6 Qxd5 25. h6 hxg6 26. hxg7 Kxg7 27. Bh6+ Kf7 28. Bxf8 Nxf8 29. a3 a4 30. Nc1 Nc6 31. Rh4 Re8 32. c3 Na5 33. Re1 Nc4 34. Ka1 Nxa3 35. Rf4+ Kg7 36. Rxe4 Qc6 37. Re7+ Kg8 38. Qa2+ Kh8 39. Qxa3 1-0

[Event "Centenary THK University 2019"]
[Site "Ankara"]
[Date "2019.05.18"]
[Round "3"]
[White "Guven, Oguz Kagan"]
[Black "Ozcan, Kadir Kutay"]
[Result "1/2-1/2"]
[ECO "B52"]
[WhiteElo "2103"]
[BlackElo "1822"]
[Annotator "NA"]
[PlyCount "48"]
[EventDate "2019.05.17"]
[EventType "swiss"]
[EventCountry "TUR"]
[SourceTitle "playchess.com"]
[Source "ChessBase"]
[SourceQuality "1"]
[TimeControl "5400+30"]

1. e4 c5 2. Nf3 d6 3. Bb5+ Bd7 4. Bxd7+ Qxd7 5. O-O Nc6 6. c3 Nf6 7. d4 Nxe4 8. d5 Nb8 {[%emt 0:01:30] B52: Sicilian: Moscow Variation with 3...Bd7} (8... Ne5 9. Re1 Nxf3+ 10. Qxf3 Nf6 11. c4 e5 12. dxe6 fxe6 13. Bg5 Be7 14. Nc3 h6 15. Bh4 O-O 16. Qh3 Kf7 17. Rad1 Rad8 18. f4 b6 19. b3 e5 20. Qf3 Qg4 21. Qxg4 Nxg4 22. Bxe7 Kxe7 23. h3 Nf6 24. fxe5 dxe5 25. Rxe5+ {½-½ (25) Brodda,W (2581)-Dothan,Y (2575) ICCF email 2016}) 9. Re1 Nf6 10. Bg5 h6 11. Bxf6 gxf6 12. Nh4 Na6 13. Nd2 O-O-O 14. Qh5 $146 ({Predecessor:} 14. Qf3 Nc7 15. c4 Rg8 16. h3 {½-½ (49) Calleri,S (2297)-Nierobisz,J (2362) ICCF email 2008}) 14... e6 15. dxe6 fxe6 16. Rad1 Nc7 17. Ne4 Qg7 18. Re3 {[%emt 0:01:30] [#]} Nd5 ({Black should try} 18... Rh7 $1 $17) 19. Rg3 $14 Qc7 20. Ng6 Rg8 21. c4 Ne7 22. Nxf6 Rxg6 23. Rxg6 Nxg6 24. Qxg6 Qg7 1/2-1/2

[Event "Centenary THK University 2019"]
[Site "Ankara"]
[Date "2019.05.18"]
[Round "3"]
[White "Buker, Muhittin"]
[Black "Keskin, Suara"]
[Result "1-0"]
[ECO "E91"]
[WhiteElo "1993"]
[BlackElo "1728"]
[Annotator "NA"]
[PlyCount "67"]
[EventDate "2019.05.17"]
[EventType "swiss"]
[EventCountry "TUR"]
[SourceTitle "playchess.com"]
[Source "ChessBase"]
[SourceQuality "1"]
[TimeControl "5400+30"]

1. d4 d6 2. c4 g6 3. Nc3 Bg7 4. e4 Nf6 5. Nf3 O-O 6. Be2 Nbd7 7. O-O e5 8. Be3 c6 9. h3 (9. d5 $16) 9... Qc7 10. Qd2 Ne8 11. Rfd1 f5 12. dxe5 dxe5 ({Black should try} 12... Nxe5 $14 13. Nxe5 Bxe5) 13. Bh6 ({Better is} 13. exf5 $16 gxf5 14. Ng5) 13... f4 14. Bxg7 Kxg7 15. b4 Rf7 16. c5 a5 17. a3 axb4 18. axb4 Rxa1 19. Rxa1 Ndf6 20. Ra8 Re7 $18 21. Bc4 h6 22. Qe2 g5 23. Nh2 h5 24. Na4 Be6 25. Bxe6 Rxe6 26. Nb6 Qf7 27. Nf3 Qg6 28. Nc4 Nd7 29. Qd3 Nef6 30. Rd8 Re7 31. Qd6 Re8 32. Ncxe5 Nxe5 33. Nxe5 Rxd8 34. Qe7+ 1-0

[Event "Centenary THK University 2019"]
[Site "Ankara"]
[Date "2019.05.18"]
[Round "3"]
[White "Gozubuyukoglu, Selami"]
[Black "Polat, Ali Gorkem"]
[Result "1-0"]
[ECO "B06"]
[WhiteElo "1818"]
[BlackElo "1610"]
[Annotator "NA"]
[PlyCount "125"]
[EventDate "2019.05.17"]
[EventType "swiss"]
[EventCountry "TUR"]
[SourceTitle "playchess.com"]
[Source "ChessBase"]
[SourceQuality "1"]
[TimeControl "5400+30"]

1. e4 d6 2. d4 g6 3. Nc3 Bg7 4. Be3 a6 5. Qd2 b5 6. f3 Bb7 7. Nge2 Nd7 8. g4 Rc8 9. h4 h5 10. g5 c5 11. d5 $11 Ne5 12. Ng1 Qa5 13. Nd1 Qxd2+ 14. Bxd2 Rb8 15. Rb1 Bc8 ({Black should play} 15... e6 $15 16. dxe6 fxe6) 16. Ne3 e6 17. Ba5 Rb7 18. Rd1 Bf8 19. Bh3 Nc4 20. Nxc4 bxc4 21. Bc3 Rh7 22. dxe6 Bxe6 23. Bxe6 fxe6 24. Ne2 Rb6 25. Nf4 Kf7 26. Rd2 Bg7 27. Bxg7 Rxg7 28. c3 Ne7 29. Ke2 Rg8 30. Rhd1 Rd8 31. Ng2 d5 32. Ne3 Rdb8 33. exd5 exd5 34. Nxd5 Rxb2 35. Ne3 Rxd2+ 36. Rxd2 Ke6 37. Nxc4 Nf5 38. Kf2 Nxh4 39. Rd6+ Ke7 40. Rxa6 Rf8 41. Ne5 Rf5 42. Nxg6+ Nxg6 43. Rxg6 Rd5 44. Ke3 Kf7 45. Rf6+ Kg7 46. f4 c4 47. Rh6 Rd3+ 48. Ke4 Rxc3 49. Rxh5 Rc2 50. Rh3 Rxa2 51. Rc3 Ra4 52. Kd4 Ra7 53. Rxc4 Rd7+ 54. Ke4 Re7+ 55. Kf3 Rd7 56. f5 Rd3+ 57. Kf4 Rd1 58. Rc7+ Kg8 59. g6 Rd4+ 60. Kg5 Rd6 61. Rc8+ Kg7 62. f6+ Rxf6 63. Rc7+ 1-0

[Event "Centenary THK University 2019"]
[Site "Ankara"]
[Date "2019.05.18"]
[Round "3"]
[White "Sekerci, Berkin"]
[Black "Atayman, Evren"]
[Result "1-0"]
[ECO "B56"]
[WhiteElo "1752"]
[BlackElo "1611"]
[Annotator "NA"]
[PlyCount "63"]
[EventDate "2019.05.17"]
[EventType "swiss"]
[EventCountry "TUR"]
[SourceTitle "playchess.com"]
[Source "ChessBase"]
[SourceQuality "1"]
[TimeControl "5400+30"]

1. e4 c5 2. Nf3 Nc6 3. d4 cxd4 4. Nxd4 Nf6 5. Nc3 d6 6. g3 e5 7. Nde2 Be7 8. Bg2 Be6 9. O-O O-O 10. h3 Rc8 11. Be3 Qa5 12. g4 Rfd8 13. Nd5 Bxd5 14. exd5 Nb4 15. Nc3 Rxc3 16. bxc3 Nbxd5 17. g5 Nxe3 18. fxe3 Nd7 19. Bd5 Bxg5 20. Rxf7 Bxe3+ 21. Kh1 Kh8 22. Qf3 Bf4 23. Rg1 g6 24. Be4 Nf8 25. Qg4 Qxc3 26. Qh4 Bg5 27. Rxg5 Qc4 28. Rgf5 g5 29. Qxg5 Qxe4+ 30. Kh2 Ne6 31. Qf6+ Kg8 32. Rg5+ 1-0

[Event "Centenary THK University 2019"]
[Site "Ankara"]
[Date "2019.05.18"]
[Round "3"]
[White "Bozdemir, Yusuf"]
[Black "Ozalp, Burak"]
[Result "0-1"]
[ECO "E61"]
[WhiteElo "1619"]
[BlackElo "1901"]
[Annotator "NA"]
[PlyCount "88"]
[EventDate "2019.05.17"]
[EventType "swiss"]
[EventCountry "TUR"]
[SourceTitle "playchess.com"]
[Source "ChessBase"]
[SourceQuality "1"]
[TimeControl "5400+30"]

1. d4 g6 2. Nf3 Bg7 3. Bf4 d6 4. e3 Nf6 5. h3 Nbd7 6. Be2 b6 7. c4 Bb7 8. Nc3 O-O 9. O-O Re8 10. Re1 e5 11. Bh2 exd4 12. exd4 Ne4 13. Nxe4 Bxe4 14. Rc1 Qf6 15. b4 a5 16. b5 Re7 17. Bg3 h6 $15 18. c5 bxc5 19. dxc5 Nxc5 20. b6 cxb6 21. Qxd6 Re6 22. Qf4 Qb2 23. Bc4 Rf6 24. Qd2 Qxd2 25. Nxd2 Bd3 26. Re7 Rd8 27. Bc7 Rc8 28. Be5 Bxc4 29. Rxc4 Rfc6 30. Bxg7 Kxg7 31. Rf4 Rf6 32. Rd4 b5 33. Rd5 Rf5 34. Rxf5 gxf5 35. Ra7 a4 36. Nf3 b4 37. Ne5 b3 38. axb3 axb3 39. Ra5 f6 40. Nc4 Nd3 41. Nd2 Rc1+ 42. Kh2 b2 43. Rb5 Rd1 44. Rb7+ Kf8 0-1

[Event "Centenary THK University 2019"]
[Site "Ankara"]
[Date "2019.05.18"]
[Round "3"]
[White "Sinay, Ahmet"]
[Black "Celikel, Fatih"]
[Result "0-1"]
[ECO "C68"]
[WhiteElo "1501"]
[BlackElo "1868"]
[Annotator "NA"]
[PlyCount "184"]
[EventDate "2019.05.17"]
[EventType "swiss"]
[EventCountry "TUR"]
[SourceTitle "playchess.com"]
[Source "ChessBase"]
[SourceQuality "1"]
[TimeControl "5400+30"]

1. e4 e5 2. Nf3 Nc6 3. Bb5 a6 4. Bxc6 dxc6 5. O-O Bg4 6. h3 Bh5 7. d3 Bd6 8. Nbd2 Qf6 9. Re1 g5 10. Nf1 h6 (10... Bxf3 $5 11. Qxf3 Qxf3 12. gxf3 Ne7 $11) 11. Ng3 Bg6 (11... Bxf3 $1 $11 12. Qxf3 Qxf3 13. gxf3 Ne7) 12. b3 Bb4 (12... O-O-O $11 {remains equal.}) 13. Bb2 Bd6 14. d4 Qe6 15. Nxe5 Bxe5 16. dxe5 Ne7 17. Qg4 O-O-O $16 18. Qxe6+ fxe6 19. Ba3 Rhe8 20. Rad1 c5 21. Bxc5 Nc6 22. f3 b6 23. Ba3 Nd4 24. Rc1 h5 25. c3 Nc6 26. Rcd1 Nxe5 27. Rxd8+ Kxd8 28. Rd1+ Kc8 29. Kf2 Bf7 30. Ne2 Ng6 31. Bc1 g4 32. hxg4 hxg4 33. c4 gxf3 34. gxf3 Rh8 35. Bb2 Rh2+ 36. Ke3 e5 37. Rg1 Kd7 38. Rg5 Ke6 39. Bc3 c6 40. Ba1 Rh1 41. Rg1 Rh2 42. Rg5 Kf6 43. Rf5+ Ke6 44. Rg5 a5 45. Bc3 Rh1 46. Rg1 Rh5 47. c5 bxc5 48. Bxa5 Rh2 49. Rc1 Kd6 50. Bb6 c4 51. bxc4 c5 52. a4 Kc6 53. a5 Nh4 54. Bd8 Nxf3 55. a6 Nd4 56. Nxd4+ cxd4+ 57. Kf3 Ra2 58. Kg4 Be6+ 59. Kg5 d3 60. Rd1 Bxc4 61. Kf5 Kd6 62. Bg5 Rf2+ 63. Kg6 Bxa6 64. Rd2 Rf3 65. Kh5 Bb7 66. Kg4 Bxe4 67. Ra2 Bc6 68. Rb2 e4 69. Bd2 Bd7+ 70. Kg5 Kd5 71. Rb4 Rf5+ 72. Kh4 Rf3 73. Bc3 Bc6 74. Kg4 Kc5 75. Rd4 d2 76. Rxd2 Rxc3 77. Kf4 Rf3+ 78. Ke5 e3 79. Rc2+ Kb4 80. Kd4 Bb5 81. Rb2+ Ka4 82. Ra2+ Kb3 83. Ra5 Kb4 84. Ra1 e2 85. Rb1+ Ka5 86. Kc5 Rf5+ 87. Kd4 Rf1 88. Rb2 e1=Q 89. Ra2+ Kb6 90. Rh2 Rf4+ 91. Kd5 Qe4+ 92. Kd6 Rf6# 0-1

[Event "Centenary THK University 2019"]
[Site "Ankara"]
[Date "2019.05.18"]
[Round "3"]
[White "Demir, Onder"]
[Black "Gedik, Ahmet"]
[Result "1/2-1/2"]
[ECO "D04"]
[WhiteElo "1428"]
[BlackElo "1438"]
[Annotator "NA RC"]
[PlyCount "61"]
[EventDate "2019.05.17"]
[EventType "swiss"]
[EventCountry "TUR"]
[SourceTitle "playchess.com"]
[Source "ChessBase"]
[SourceQuality "1"]
[TimeControl "5400+30"]

1. d4 d5 2. e3 Nf6 3. Nf3 c6 4. Bd3 Bg4 5. h3 Bh5 6. O-O Nbd7 7. Nbd2 e6 8. Nb3 a5 9. a4 Bd6 10. Bd2 b6 11. Be2 Ne4 12. c3 f5 13. Nc1 O-O 14. Nd3 g5 15. Nfe5 Bxe2 16. Qxe2 Bxe5 17. Nxe5 Nxe5 18. dxe5 Nc5 19. Rad1 Nb3 20. Rfe1 c5 21. Qf3 c4 22. Qg3 Nc5 23. Bc1 Qe7 24. f3 Kh8 25. Re2 Rg8 26. Rf1 Raf8 27. Ree1 Qc7 28. Rd1 Qe7 29. Rde1 Qc7 30. Rd1 Qe7 31. Rde1 1/2-1/2

[Event "Centenary THK University 2019"]
[Site "Ankara"]
[Date "2019.05.18"]
[Round "3"]
[White "Oktem, Ege Tuna"]
[Black "Ozdemir, Emrehan"]
[Result "1-0"]
[ECO "B14"]
[WhiteElo "1235"]
[BlackElo "1309"]
[Annotator "NA"]
[PlyCount "71"]
[EventDate "2019.05.17"]
[EventType "swiss"]
[EventCountry "TUR"]
[SourceTitle "playchess.com"]
[Source "ChessBase"]
[SourceQuality "1"]
[TimeControl "5400+30"]

1. d4 Nf6 2. Nf3 g6 3. c4 c5 4. e3 cxd4 5. exd4 d5 6. cxd5 Nxd5 7. Nc3 Bg7 8. Bc4 Be6 9. Qb3 Nxc3 10. Bxe6 fxe6 11. bxc3 Qd5 12. O-O O-O 13. Re1 Nc6 14. Rxe6 Qxb3 15. axb3 Rf6 16. Rxf6 Bxf6 17. Kf1 Rd8 18. Ke2 a6 19. Bb2 e5 20. dxe5 Nxe5 21. c4 Nxf3 22. Bxf6 Nd4+ 23. Kd3 Ne6+ 24. Bxd8 Nxd8 25. Ke4 Kf7 26. Rd1 Ne6 27. b4 Ke7 28. Ke5 Nd8 29. b5 a5 30. Ra1 b6 31. c5 bxc5 32. Rxa5 Nf7+ 33. Kd5 Kd7 34. Ra7+ Ke8 35. Rxf7 Kxf7 36. b6 1-0

[Event "Centenary THK University 2019"]
[Site "Ankara"]
[Date "2019.05.18"]
[Round "3"]
[White "Demir, Candost Aziz"]
[Black "Deveci, Huseyin Said"]
[Result "1-0"]
[ECO "C77"]
[WhiteElo "1148"]
[BlackElo "1274"]
[Annotator "NA"]
[PlyCount "53"]
[EventDate "2019.05.17"]
[EventType "swiss"]
[EventCountry "TUR"]
[SourceTitle "playchess.com"]
[Source "ChessBase"]
[SourceQuality "1"]
[TimeControl "5400+30"]

1. e4 e5 2. Nf3 Nc6 3. Bb5 a6 4. Ba4 Nf6 5. d3 b5 6. Bb3 d6 7. c3 Be7 8. O-O O-O 9. Nbd2 Be6 10. Bc2 d5 11. exd5 Nxd5 12. Re1 f6 13. d4 Bd6 14. Ne4 Qd7 15. dxe5 Nxe5 16. Nxe5 Bxe5 17. Nc5 Qc6 18. Nxe6 Qxe6 19. f4 Qb6+ 20. Kh1 Nxf4 21. Bxf4 Bxf4 22. Qd5+ Kh8 23. Qf5 g6 24. Qxf4 a5 25. Qh6 f5 26. Re7 Qf6 27. Qxh7# 1-0

[Event "Centenary THK University 2019"]
[Site "Ankara"]
[Date "2019.05.18"]
[Round "4"]
[White "Ozalp, Burak"]
[Black "Ugur, Cem"]
[Result "0-1"]
[ECO "A43"]
[WhiteElo "1901"]
[BlackElo "1593"]
[Annotator "NA"]
[PlyCount "40"]
[EventDate "2019.05.17"]
[EventType "swiss"]
[EventCountry "TUR"]
[SourceTitle "playchess.com"]
[Source "ChessBase"]
[SourceQuality "1"]
[TimeControl "5400+30"]

1. d4 Nf6 2. Nc3 c5 3. d5 d6 4. e4 e6 5. Bb5+ Bd7 6. dxe6 fxe6 7. Bc4 Qa5 8. Qe2 Nc6 9. Bd2 Nd4 10. Qd3 Qb6 11. Rb1 O-O-O 12. Nf3 d5 13. exd5 exd5 14. Nxd4 cxd4 15. Nxd5 Qe6+ 16. Ne3 Qe5 17. f4 Qxf4 18. Nf1 Re8+ 19. Kd1 Bg4+ 20. Kc1 Re1# 0-1

[Event "Centenary THK University 2019"]
[Site "Ankara"]
[Date "2019.05.18"]
[Round "4"]
[White "Alkan, Ferman"]
[Black "Buker, Muhittin"]
[Result "1-0"]
[ECO "E06"]
[WhiteElo "1876"]
[BlackElo "1993"]
[Annotator "NA"]
[PlyCount "47"]
[EventDate "2019.05.17"]
[EventType "swiss"]
[EventCountry "TUR"]
[SourceTitle "playchess.com"]
[Source "ChessBase"]
[SourceQuality "1"]
[TimeControl "5400+30"]

1. Nf3 Nf6 2. c4 e6 3. d4 b6 4. g3 Bb7 5. Bg2 Be7 6. O-O O-O 7. Nc3 d5 8. Ne5 c6 9. b3 Nbd7 10. f4 Qc7 11. Bb2 Rad8 12. Rc1 Nxe5 13. fxe5 Ng4 14. cxd5 exd5 15. Qd2 Qd7 16. e4 dxe4 17. Nxe4 Nxe5 18. Qc3 Bb4 19. Qxb4 Nd3 20. Qc3 Nxc1 21. Rxc1 f6 22. Ba3 Rfe8 23. Nd6 Re2 24. Qc4+ 1-0

[Event "Centenary THK University 2019"]
[Site "Ankara"]
[Date "2019.05.18"]
[Round "4"]
[White "Celikel, Fatih"]
[Black "Guven, Oguz Kagan"]
[Result "0-1"]
[ECO "B20"]
[WhiteElo "1868"]
[BlackElo "2103"]
[Annotator "NA"]
[PlyCount "98"]
[EventDate "2019.05.17"]
[EventType "swiss"]
[EventCountry "TUR"]
[SourceTitle "playchess.com"]
[Source "ChessBase"]
[SourceQuality "1"]
[TimeControl "5400+30"]

1. e4 c5 2. b3 e5 3. Bc4 Nc6 4. Nc3 g6 5. Qf3 Nf6 6. Nd5 Bg7 7. c3 O-O 8. Ne2 d6 9. d3 Nxd5 10. Bxd5 Kh8 11. h4 h5 12. Qg3 Ne7 13. Bg5 f6 14. Bd2 Nxd5 15. exd5 Kh7 16. O-O f5 17. Bg5 Qb6 18. f4 c4+ 19. Kh1 cxd3 20. Qxd3 e4 21. Qd2 Bd7 22. Nd4 Rfe8 23. Qe3 Rac8 24. Rfd1 Qa5 25. c4 Qc5 26. Rac1 b5 27. Rd2 Qb6 28. Kg1 bxc4 29. bxc4 Kg8 30. Kf2 Kf7 31. Rc3 Qc5 32. Rc1 Rb8 33. Nb3 Qxe3+ 34. Kxe3 Rec8 35. c5 Rxb3+ 36. axb3 dxc5 37. Ra2 Bd4+ 38. Ke2 Bb5+ 39. Rc4 a6 40. d6 Ke6 41. Be7 Rb8 42. Kd1 Bxc4 43. bxc4 Rb1+ 44. Kc2 Ra1 45. Rxa1 Bxa1 46. Bf8 Bd4 47. Be7 Kd7 48. Kb3 e3 49. Kc2 a5 0-1

[Event "Centenary THK University 2019"]
[Site "Ankara"]
[Date "2019.05.18"]
[Round "4"]
[White "Ozcan, Kadir Kutay"]
[Black "Gozubuyukoglu, Selami"]
[Result "1/2-1/2"]
[ECO "C36"]
[WhiteElo "1822"]
[BlackElo "1818"]
[Annotator "NA"]
[PlyCount "80"]
[EventDate "2019.05.17"]
[EventType "swiss"]
[EventCountry "TUR"]
[SourceTitle "playchess.com"]
[Source "ChessBase"]
[SourceQuality "1"]
[TimeControl "5400+30"]

1. e4 e5 2. f4 d5 3. exd5 exf4 4. Nf3 Nf6 5. Bb5+ Bd7 6. Bc4 Qe7+ 7. Qe2 Qxe2+ 8. Kxe2 Bd6 9. Re1 O-O 10. d4 Bg4 11. Nc3 a6 12. Kf2 Nbd7 13. Ne5 g5 14. h4 h6 15. hxg5 hxg5 16. g3 Nxe5 17. Rxe5 Bxe5 18. dxe5 Nh5 19. gxf4 gxf4 20. Bd2 f5 21. d6+ Kg7 22. dxc7 Rfe8 23. Nd5 b5 24. Bb3 Rac8 25. a4 Kg6 26. Re1 Kg7 27. axb5 axb5 28. Ra1 Rh8 29. Ra7 Ng3 30. Bxf4 Ne4+ 31. Ke3 Rh1 32. e6 Nf6 33. Nb6 Re1+ 34. Kf2 Re2+ 35. Kf1 Ne4 36. Nxc8 Bf3 37. Bc4 bxc4 38. Ra3 Rf2+ 39. Ke1 Re2+ 40. Kf1 Rf2+ 1/2-1/2

[Event "Centenary THK University 2019"]
[Site "Ankara"]
[Date "2019.05.18"]
[Round "4"]
[White "Gok, Irfan"]
[Black "Yaprak, Ufuk"]
[Result "1-0"]
[ECO "C54"]
[WhiteElo "1739"]
[BlackElo "1492"]
[Annotator "NA RC"]
[PlyCount "130"]
[EventDate "2019.05.17"]
[EventType "swiss"]
[EventCountry "TUR"]
[SourceTitle "playchess.com"]
[Source "ChessBase"]
[SourceQuality "1"]
[TimeControl "5400+30"]

1. e4 e5 2. Nf3 Nc6 3. Bc4 Bc5 4. c3 Nf6 5. d4 exd4 6. e5 d5 7. Bb5 Ne4 8. cxd4 Bb4+ 9. Bd2 Nxd2 10. Nbxd2 Qe7 11. O-O O-O 12. a3 Ba5 13. Bxc6 bxc6 14. b4 Bb6 15. Qc2 Bd7 16. Nb3 a5 17. bxa5 Bxa5 18. Qc5 Qxc5 19. Nxc5 Bg4 20. Rfc1 Rfb8 21. h3 Bf5 22. g4 Bc8 23. Rc2 h5 24. Nh2 Rb6 25. Kg2 g6 26. Rac1 Rb5 27. Kg3 Kg7 28. Nf3 Bb6 29. a4 Rb4 30. Ra2 Ra5 31. Nd3 Rb3 32. Nf4 Bxd4 33. Kg2 Bc5 34. gxh5 gxh5 35. Nxh5+ Kh6 36. Ng3 Bxh3+ 37. Kxh3 Rxf3 38. Kg2 Rf4 39. Rac2 Bb6 40. Rh1+ Kg5 41. Rh5+ Kg4 42. Rh7 Raxa4 43. f3+ Kg5 44. Rxc6 Ra2+ 45. Kh3 Rxf3 46. Rg7+ Kf4 47. Rxf7+ Ke3 48. Rc3+ Kd4 49. Rcxf3 Kxe5 50. R7f5+ Kd6 51. Rf6+ Kc5 52. Nf5 Ra4 53. Rc3+ Kb4 54. Rfc6 Ra5 55. Rc1 d4 56. R6c4+ Kb3 57. Nxd4+ Bxd4 58. Rxd4 c5 59. Rdc4 Ra7 60. Rxc5 Ra4 61. R5c3+ Kb2 62. R1c2+ Kb1 63. Re2 Rd4 64. Kg3 Rd7 65. Rf3 Rd1 1-0

[Event "Centenary THK University 2019"]
[Site "Ankara"]
[Date "2019.05.18"]
[Round "4"]
[White "Keskin, Suara"]
[Black "Sinay, Ahmet"]
[Result "1-0"]
[ECO "A48"]
[WhiteElo "1728"]
[BlackElo "1501"]
[Annotator "NA"]
[PlyCount "117"]
[EventDate "2019.05.17"]
[EventType "swiss"]
[EventCountry "TUR"]
[SourceTitle "playchess.com"]
[Source "ChessBase"]
[SourceQuality "1"]
[TimeControl "5400+30"]

1. Nf3 Nf6 2. d4 g6 3. Bf4 Bg7 4. e3 O-O 5. Be2 d6 6. O-O c5 7. c3 Nc6 8. Nbd2 Bf5 9. h3 h5 10. Ng5 e5 11. dxe5 dxe5 12. Bh2 Bh6 13. Ngf3 e4 14. Ne5 Nxe5 15. Bxe5 Re8 16. Bh2 Nd5 17. Nc4 Bf8 18. a4 Be6 19. Kh1 Qg5 20. Qc2 Rad8 21. Rad1 a6 22. a5 f5 23. Qc1 Qh6 24. Ne5 Bd6 25. Bc4 Bc7 26. Bxd5 Bxd5 27. c4 Bxe5 28. Rxd5 Bxh2 29. Kxh2 Qf8 30. Qd2 Kg7 31. Rd1 Rxd5 32. Qxd5 Qe7 33. Qd7 Kf7 34. Qd5+ Kg7 35. g3 h4 36. Qd7 hxg3+ 37. Kxg3 Kf8 38. Rd5 Qxd7 39. Rxd7 Re7 40. Rd8+ Re8 41. Rd6 Kf7 42. Rd5 Re7 43. Rxc5 Rd7 44. Rd5 Rxd5 45. cxd5 Kf6 46. h4 Ke5 47. d6 Kxd6 48. Kf4 Ke6 49. Kg5 Kf7 50. h5 gxh5 51. Kxf5 Ke7 52. Kxe4 Ke6 53. f4 Kf6 54. Kf3 Kg6 55. e4 Kf6 56. Kg3 Kg6 57. Kh4 Kh6 58. f5 Kg7 59. Kxh5 1-0

[Event "Centenary THK University 2019"]
[Site "Ankara"]
[Date "2019.05.18"]
[Round "4"]
[White "Genc, Mehmet Emin"]
[Black "Aliyev, Elnur"]
[Result "0-1"]
[ECO "B34"]
[WhiteElo "1664"]
[BlackElo "2146"]
[Annotator "NA"]
[PlyCount "52"]
[EventDate "2019.05.17"]
[EventType "swiss"]
[EventCountry "TUR"]
[SourceTitle "playchess.com"]
[Source "ChessBase"]
[SourceQuality "1"]
[TimeControl "5400+30"]

1. e4 c5 2. Nf3 Nc6 3. d4 cxd4 4. Nxd4 g6 5. Nc3 Bg7 6. Be3 Nf6 7. Nxc6 bxc6 8. e5 Ng8 9. Bd4 Qa5 10. e6 Nf6 11. exf7+ Kxf7 12. Bd3 e5 13. Be3 d5 14. Bd2 Qc7 15. Qe2 Rb8 16. O-O-O e4 17. Ba6 Qb6 18. Bb5 Ba6 19. a4 cxb5 20. a5 Qxa5 21. Qe3 b4 22. Nb1 Rhc8 23. Qxa7+ Kg8 24. Bg5 Rxc2+ 25. Kxc2 b3+ 26. Kc1 Rc8+ 0-1

[Event "Centenary THK University 2019"]
[Site "Ankara"]
[Date "2019.05.18"]
[Round "4"]
[White "Gedik, Ahmet"]
[Black "Dalar, Yusuf"]
[Result "1-0"]
[ECO "B32"]
[WhiteElo "1438"]
[BlackElo "1499"]
[Annotator "NA"]
[PlyCount "77"]
[EventDate "2019.05.17"]
[EventType "swiss"]
[EventCountry "TUR"]
[SourceTitle "playchess.com"]
[Source "ChessBase"]
[SourceQuality "1"]
[TimeControl "5400+30"]

1. e4 c5 2. Nf3 Nc6 3. d4 cxd4 4. Nxd4 e5 5. Nb5 d6 6. c4 a6 7. N5a3 Nf6 8. Nc3 Be6 9. Be2 Be7 10. Be3 Qd7 11. O-O Ng4 12. Bb6 Bd8 13. Bxd8 Rxd8 14. Nc2 Nf6 15. Qd3 O-O 16. Rfd1 Ne7 17. Ne3 Ng6 18. g3 Ne8 19. Ned5 Bxd5 20. Nxd5 f5 21. exf5 Qxf5 22. Qxf5 Rxf5 23. Bd3 Rf7 24. Be4 Ne7 25. Ne3 Nc7 26. Nd5 Ne8 27. Ne3 Nc7 28. Bxb7 Rb8 29. Bg2 Rxb2 30. Rxd6 Ne8 31. Re6 Kf8 32. Rxa6 g6 33. Rf1 Nf5 34. Ng4 Rc7 35. Nxe5 Ke7 36. Re1 Kf8 37. c5 Neg7 38. Rf6+ Kg8 39. Bd5+ 1-0

[Event "Centenary THK University 2019"]
[Site "Ankara"]
[Date "2019.05.18"]
[Round "4"]
[White "Sonmez, Yusuf"]
[Black "Akoglanoglu, Murat Umut"]
[Result "1-0"]
[ECO "B23"]
[WhiteElo "1329"]
[BlackElo "1246"]
[Annotator "NA RC"]
[PlyCount "119"]
[EventDate "2019.05.17"]
[EventType "swiss"]
[EventCountry "TUR"]
[SourceTitle "playchess.com"]
[Source "ChessBase"]
[SourceQuality "1"]
[TimeControl "5400+30"]

1. e4 c5 2. Nc3 e6 3. g3 a6 4. Bg2 Qc7 5. d3 Nf6 6. Nge2 Be7 7. h3 Nc6 8. Be3 d6 9. O-O b5 10. Qd2 Bb7 11. f4 O-O 12. g4 Rfd8 13. g5 Ne8 14. f5 Ne5 15. Ng3 b4 16. Nce2 c4 17. d4 c3 18. bxc3 Nc4 19. Qc1 bxc3 20. Nh5 d5 21. fxe6 fxe6 22. Bf4 Qa5 23. Qe1 dxe4 24. Qf2 Qf5 25. Neg3 e3 26. Nxf5 exf2+ 27. Rxf2 exf5 28. Bxb7 Ra7 29. Rb1 Ncd6 30. Bd5+ Kh8 31. Re2 Nb5 32. Rbe1 Rxd5 33. Rxe7 Rxe7 34. Rxe7 Rd8 35. Be5 Nbd6 36. Nxg7 Kg8 37. Nh5 Nf7 38. Rxe8+ Rxe8 39. Nf6+ Kf8 40. Nxe8 Kxe8 41. h4 Kd7 42. Kf2 Ke6 43. Bf6 Nd6 44. Ke3 Ne4 45. Kd3 Kd5 46. Be5 Ke6 47. Bf4 Kd5 48. h5 Ke6 49. Kc4 Kf7 50. Kd5 Nd2 51. Kc5 Ne4+ 52. Kb6 Ke6 53. Kxa6 Kd5 54. Be3 Nd6 55. g6 hxg6 56. hxg6 Ne8 57. Kb5 Ke4 58. Bg1 f4 59. Kc4 Kf3 60. d5 1-0

[Event "Centenary THK University 2019"]
[Site "Ankara"]
[Date "2019.05.18"]
[Round "4"]
[White "Demir, Candost Aziz"]
[Black "Demir, Onder"]
[Result "0-1"]
[ECO "B23"]
[WhiteElo "1148"]
[BlackElo "1428"]
[Annotator "NA"]
[PlyCount "58"]
[EventDate "2019.05.17"]
[EventType "swiss"]
[EventCountry "TUR"]
[SourceTitle "playchess.com"]
[Source "ChessBase"]
[SourceQuality "1"]
[TimeControl "5400+30"]

1. e4 c5 2. Nc3 a6 3. f4 b5 4. d3 Bb7 5. Nf3 e6 6. g3 g6 7. Bg2 Bg7 8. O-O Ne7 9. Ne2 O-O 10. g4 d5 11. e5 Nd7 12. d4 cxd4 13. Nfxd4 Nc6 14. Nxc6 Bxc6 15. Nd4 Bb7 16. Qe2 Nc5 17. f5 exf5 18. gxf5 Re8 19. f6 Bh8 20. c3 Ne4 21. Bxe4 dxe4 22. e6 Qd5 23. Rf5 Qc4 24. Qf2 e3 25. Qxe3 Rxe6 26. Qg5 Re1+ 27. Kf2 Qf1+ 28. Kg3 Qg2+ 29. Kh4 Qxh2+ 0-1